 Dungeon Crawl Stone Soup version 0.23-a0-629-gae4348f (webtiles) character file.

42 zishaf the Chiller (level 3, -16/26 HPs)
             Began as a Barachi Ice Elementalist on Dec 26, 2018.
             Demolished by an ogre
             ... wielding a +0 giant club
              (17 damage)
             ... on level 2 of the Dungeon.
             The game lasted 00:01:50 (1392 turns).

zishaf the Chiller (Barachi Ice Elementalist)       Turns: 1392, Time: 00:01:50

Health: -16/26     AC:  2    Str:  9    XL:     3   Next: 56%
Magic:  4/6        EV: 13    Int: 16    God:
Gold:   60         SH:  0    Dex: 12    Spells: 3/6 levels left

rFire    . . .     SeeInvis .   (no weapon)
rCold    . . .     Gourm    .   (no shield)
rNeg     . . .     Faith    .   a - +0 robe
rPois    .         Spirit   .   (no helmet)
rElec    .         Reflect  .   (no cloak)
rCorr    .         Harm     .   (no gloves)
MR       .....                  (no boots)
Stlth    ++........             (no amulet)
HPRegen  0.08/turn              (no ring)
MPRegen  0.10/turn              (no ring)

@: slow
A: +LOS, swims, slowness 1, strong legs 1
a: Hop


You were on level 2 of the Dungeon.
You were not hungry.

You visited 1 branch of the dungeon, and saw 2 of its levels.

You collected 60 gold pieces.

Inventory:

Hand Weapons
 i - a +0 hunting sling
Missiles
 b - 48 stones (quivered)
Armour
 a - a +0 robe (worn)
Scrolls
 d - 2 scrolls of amnesia {unknown}
 g - 2 scrolls of remove curse {unknown}
 h - 4 scrolls of identify {unknown}
Potions
 e - 2 potions of brilliance {unknown}
 f - a potion of heal wounds {unknown}
 j - a potion of mutation {unknown}
Comestibles
 c - a ration
 k - 2 chunks of flesh


   Skills:
 + Level 1.4 Fighting
 + Level 2.8 Dodging
 - Level 2.0 Stealth
 - Level 2.1 Spellcasting
 - Level 1.1 Conjurations
 * Level 4.5 Ice Magic


You had 3 spell levels left.
You knew the following spells:

 Your Spells              Type           Power        Failure   Level  Hunger
a - Freeze                Ice            ###.         3%          1    #......
b - Throw Frost           Conj/Ice       ##....       10%         2    ###....

Your spell library contained the following spells:

 Spells                   Type           Power        Failure   Level  Hunger
 Ozocubu's Armour         Chrm/Ice       #.......     24%         3    ###....
 Throw Icicle             Conj/Ice       ##......     54%         4    #####..
 Summon Ice Beast         Ice/Summ       #.......     61%         4    #####..


Dungeon Overview and Level Annotations

Branches:
Dungeon (2/15)

Altars:


Innate Abilities, Weirdness & Mutations

Shadows flee at your approach. (+LOS)
You can swim through water.
You cover ground slowly.
You can hop short distances.


Message History

Aiming: Freeze (safe; 3% risk of failure)
Press: ? - help, Shift-Dir - straight line, f - ogre
Aim: an ogre, wielding a +0 giant club (resting)
You freeze the ogre.
The ogre shouts!
The ogre is lightly wounded.
You hear a shout!
The ogre hits you with a +0 giant club!!
Ouch! That really hurt!
* * * LOW HITPOINT WARNING * * *
Casting: Freeze (safe; 3% risk of failure)
Confirm with . or Enter, or press ? or * to list all spells.
Aiming: Freeze (safe; 3% risk of failure)
Press: ? - help, Shift-Dir - straight line, f/p - ogre
Aim: an ogre, wielding a +0 giant club (lightly wounded)
You freeze the ogre.
The ogre is lightly wounded.
The ogre hits you with a +0 giant club!
Ouch! That really hurt!
You die...

####+###
#....g.#
###.##(#.#
#.O.##g#.#
#####..@.....#
..............#
########.#....#
#.#.$#.####.#
#...........#
####.########
#.# #.# #.#


You could see an ogre and a goblin.

Vanquished Creatures
  2 adders (D:2)
  4 bats (D:1)
  5 giant cockroaches (D:1)
  2 goblins (D:1)
  2 hobgoblins (D:1)
  4 kobolds (D:1)
  A frilled lizard (D:1)
  3 rats
23 creatures vanquished.

Notes
Turn   | Place    | Note
-------+----------+-------------------------------------------
     0 | D:1      | zishaf the Barachi Ice Elementalist began the quest for the
                  | Orb.
     0 | D:1      | Reached XP level 1. HP: 13/13 MP: 3/3
   256 | D:1      | Reached XP level 2. HP: 20/20 MP: 3/5
   370 | D:1      | Reached skill level 4 in Ice Magic
   688 | D:1      | Reached skill level 1 in Fighting
  1251 | D:2      | Reached XP level 3. HP: 21/26 MP: 1/6
  1301 | D:2      | Learned a level 2 spell: Throw Frost
  1386 | D:2      | Noticed an ogre
  1391 | D:2      | HP: 1/26 [ogre/+0 giant club (25)]
  1392 | D:2      | Demolished by an ogre

Vault maps used:
D:1:      dpeg_arrival_radiant
D:2:      lemuel_upstairs_altar, lemuel_coloured_pillars_altar, first_ration,
          grunt_decor_arrowhead, uniq_sigmund, uniq_terence

Skill      XL: |  1  2 |
---------------+-------+-----
Stealth        | 2 |  2.0
Ice Magic      | 4 |  4.5
Fighting       | 1 |  1.4
Dodging        | |  2.8
Spellcasting   | |  2.1
Conjurations   | |  1.1

Action                   || total
-------------------------++-------
Melee: Unarmed           ||    20
 Cast: Freeze            ||    32
  Eat: Chunk             ||     2
Armor: Robe              ||    10
Dodge: Dodged            ||    34

Table legend:
 A = Non-vault XP
 B = Vault XP
 C = Vault XP percentage of total XP
 D = Non-vault monster count
 E = Vault monster count
 F = Vault count percentage of total count
                 A         B        C        D         E       F
            +---------+---------+-------+---------+---------+-------
      Total |      61 |       0 |   0.0 |      23 |       0 |   0.0
            +---------+---------+-------+---------+---------+-------
        D:1 |      33 |       0 |   0.0 |      20 |       0 |   0.0
        D:2 |      28 |       0 |   0.0 |       3 |       0 |   0.0
            +---------+---------+-------+---------+---------+-------
